 Dungeon Sprint DCSS version 0.28.0-62-gf88900778d (webtiles) character file.

Game seed: 10272525953501281509

1208 cbfl8 the Fighter (level 8, 0/111 HPs)
             Began as a Demonspawn Berserker on Jan 13, 2024.
             Was a Priest of Trog.
             Succumbed to Sonja's poison
             ... in the Dungeon (Sprint I: "Red Sonja").
             The game lasted 00:02:06 (1225 turns).

cbfl8 the Fighter (Demonspawn Berserker)            Turns: 1225, Time: 00:02:07

Health: 0/111      AC:  4    Str: 18    XL:     8   Next: 21%
Magic:  8/8        EV: 15    Int:  8    God:    Trog [***...]
Gold:   281        SH:  4    Dex: 15    Spells: 7/7 levels left

rFire   . . .      SeeInvis .   a - +0 hand axe
rCold   + . .      Faith    .   (no shield)
rNeg    . . .      Spirit   .   k - +1 leather armour {rC+}
rPois   .          Reflect  .   (no helmet)
rElec   .          Harm     .   (no cloak)
rCorr   .          Rampage  .   (no gloves)
Will    .....      NoTele   +   (no boots)
Stlth   ..........              (no amulet)
HPRegen 0.28/turn               (no ring)
MPRegen 0.11/turn               (no ring)

@: berserking, lethally poisoned (0 -> -64), slowed
A: repulsion field 2, condensation shield, weakness stinger 2
a: Renounce Religion, Berserk, Trog's Hand


You were in the Dungeon.
You worshipped Trog.
Trog was most pleased with you.
You visited 1 branch You collected 419 gold pieces.
You spent 138 gold pieces at shops.

Inventory:

Hand Weapons
 a - a +0 hand axe (weapon)
Armour
 k - a +1 leather armour of cold resistance (worn)
Scrolls
 h - a scroll of blinking
Potions
 e - a potion of haste
 f - 2 potions of magic
 g - a potion of berserk rage


   Skills:
 + Level 10.9 Fighting
 + Level 10.7 Axes
 + Level 5.0 Armour
 - Level 2.4 Dodging
 * Level 8.1 Evocations


You had 7 spell levels left.
You didn't know any spells.
Your spell library was empty.

Dungeon Overview and Level Annotations

Branches:
Dungeon (1/1)

Altars:
Cheibriados
Dithmenos
Elyvilon
Fedhas
Gozag
Hepliaklqana
Kikubaaqudgha
Makhleb
Nemelex Xobeh
Okawaru
Qazlal
Ru
Sif Muna
Trog
Uskayaw
Vehumet
Wu Jian
Xom
Yredelemnul
Zin
The Shining One
Jiyva
Lugonu

Shops:
D *

Annotations:
D Sonja


Innate Abilities, Weirdness & Mutations

You are surrounded by a moderate repulsion field. (EV +3)
A meltable shield of frost defends you. (SH +4)
You have a tail ending in a sharp stinger.


Message History

You are more poisoned.
You feel much better.
* * * LOW HITPOINT WARNING * * *
You feel extremely sick.
Sonja says, "If only old Madame Brzewit could see me now!"
Sonja hits you with a +0 short sword of venom.
* * * LOW HITPOINT WARNING * * *
You are lethally poisoned!
You block Sonja's attack. Sonja closely misses you. x2
Sonja completely misses you.
Sonja hits you with a +0 short sword of venom!
* * * LOW HITPOINT WARNING * * *
You are more poisoned.
You feel much better.
You feel extremely sick. Sonja closely misses you. x2
Sonja hits you with a +0 short sword of venom.
You are lethally poisoned!
Sonja casts a spell.
Sonja blinks!
A red film seems to cover your vision as you go berserk!
You feel yourself moving faster!
You feel mighty!
* * * LOW HITPOINT WARNING * * *
You feel extremely sick.
Sonja hits you with a +0 short sword of venom!
* * * LOW HITPOINT WARNING * * *
You are more poisoned.
Sonja hits you but does no damage.
You are more poisoned.
Sonja hits you with a +0 short sword of venom.
* * * LOW HITPOINT WARNING * * *
Sonja hits you with a +0 short sword of venom.
* * * LOW HITPOINT WARNING * * *
You are more poisoned.
Sonja hits you with a +0 short sword of venom.
* * * LOW HITPOINT WARNING * * *
Sonja hits you but does no damage.
You slash Sonja!
Your tail-slap misses Sonja.
Sonja is almost dead.
You die...

#..'[.#..').#..'..'.)#...#
#..#####'#####'#__####...+
#..####..#...#.#### #####
#..#__####..##(#
#..#_____##'#_.+
#⌠⌠#_.∩...'..._#
####_..__##_.#'#
#_____###K#.# #######
#@### +$.$+ #$.$# ##.##
#+#


You could see Sonja.

Vanquished Creatures
  2 kobold demonologists (D)
  A slime creature (D)
  Sigmund (D)
  A yak (D)
  A floating eye (D)
  An ogre (D)
  A jelly (D)
  Ijyb (D)
9 creatures vanquished.

Notes
Turn   | Place    | Note
-------+----------+-------------------------------------------
     0 | D        | cbfl8 the Demonspawn Berserker began the quest for the Orb.
     0 | D        | Reached XP level 1. HP: 18/18 MP: 1/1
     4 | D        | Noticed Ijyb
    17 | D        | Killed Ijyb
    18 | D        | Gained mutation: You are surrounded by a mild repulsion
                  | field. (EV +2) [demonic ancestry]
    18 | D        | Reached XP level 2. HP: 6/26 MP: 2/2
   398 | D        | Noticed an ogre
   403 | D        | Killed an ogre
   404 | D        | Reached skill level 5 in Axes
   404 | D        | Reached XP level 3. HP: 34/34 MP: 3/3
   404 | D        | Gained mutation: You have a small tail. [demonic ancestry]
   404 | D        | Reached XP level 4. HP: 40/40 MP: 4/4
   461 | D        | Noticed Sigmund
   463 | D        | Killed Sigmund
   463 | D        | Reached ** piety under Trog
   464 | D        | Reached skill level 5 in Evocations
   464 | D        | Gained mutation: You are surrounded by a moderate repulsion
                  | field. (EV +3) [demonic ancestry]
   464 | D        | Reached XP level 5. HP: 49/49 MP: 5/5
   464 | D        | Gained mutation: You have a tail ending in a sharp stinger.
                  | [demonic ancestry]
   464 | D        | Reached XP level 6. HP: 56/56 MP: 6/6
   679 | D        | Found an ornate altar of the Wu Jian Council.
   679 | D        | Found a shimmering blue altar of Sif Muna.
   681 | D        | Found a radiant altar of Vehumet.
   707 | D        | Found Wunneurr's Assorted Antiques.
   707 | D        | Found an ancient bone altar of Kikubaaqudgha.
   707 | D        | Found a hazy altar of Hepliaklqana.
   707 | D        | Found a stormy altar of Qazlal.
   707 | D        | Found a hide-covered altar of Uskayaw.
   707 | D        | Found a blossoming altar of Fedhas.
   707 | D        | Found a bloodstained altar of Trog.
   707 | D        | Found an iron altar of Okawaru.
   707 | D        | Found a basalt altar of Yredelemnul.
   707 | D        | Found a snail-covered altar of Cheibriados.
   707 | D        | Found a sacrificial altar of Ru.
   707 | D        | Found a shadowy altar of Dithmenos.
   707 | D        | Noticed a yak
   714 | D        | Killed a yak
   715 | D        | Found an opulent altar of Gozag.
   716 | D        | Found a sparkling altar of Nemelex Xobeh.
   759 | D        | Bought a scroll labelled IKHLYET NAXUPS for 23 gold pieces
   759 | D        | Bought a glowing leather armour for 115 gold pieces
   789 | D        | Found a burning altar of Makhleb.
   789 | D        | Found a viscous altar of Jiyva.
   789 | D        | Found a shimmering altar of Xom.
   789 | D        | Found a corrupted altar of Lugonu.
   789 | D        | Noticed a slime creature
   796 | D        | Killed a slime creature
   797 | D        | Reached XP level 7. HP: 64/64 MP: 7/7
   852 | D        | Noticed a kobold demonologist
   853 | D        | Noticed a smoke demon
   859 | D        | Noticed a kobold demonologist
   860 | D        | Killed a kobold demonologist
   860 | D        | Reached *** piety under Trog
   861 | D        | Reached skill level 10 in Fighting
   861 | D        | Reached skill level 10 in Axes
   862 | D        | Noticed a soul eater
   862 | D        | Killed a kobold demonologist
   862 | D        | Reached **** piety under Trog
   863 | D        | Reached skill level 5 in Armour
   863 | D        | Gained mutation: A meltable shield of frost defends you.
                  | (SH +4) [demonic ancestry]
   863 | D        | Reached XP level 8. HP: 74/74 MP: 8/8
  1215 | D        | Noticed Sonja
  1225 | D        | Succumbed to Sonja's poison

Illustrated notes

Levels and vault maps discovered:
D:        dungeon_sprint_1 [red_sonja_temple_1, red_sonja_temple_small_1]

Skill      XL: |  1  2  3  4  5  6  7 |
---------------+----------------------+-----
Fighting       | 4 6 7 9 10 | 10.9
Axes           | 4 5 7 9 10 | 10.7
Armour         | 2 3 4 5 |  5.0
Dodging        | 2 |  2.4
Evocations     | 3 5 6 8 |  8.1

Action                   |  1- 3 |  4- 6 |  7- 9 || total
-------------------------+-------+-------+-------++-------
Melee: Hand axe          |    15 |    11 |     3 ||    29
       Tailslap          |       |     3 |       ||     3
Invok: Berserk           |     2 |     2 |     1 ||     5
Evoke: Wand              |       |     5 |     5 ||    10
  Use: Potion            |       |       |     3 ||     3
       Scroll            |       |       |     1 ||     1
Armor: Animal skin       |     1 |       |       ||     1
       Leather armour    |       |       |     2 ||     2
Dodge: Dodged            |     6 |     6 |    12 ||    24
Block: Other             |       |       |     3 ||     3
